 Dungeon Crawl Stone Soup version 0.22-a0-42-g002c468 (webtiles) character file.

795 tidbits the Grave Robber (level 7, 51/51 HPs)
             Began as a Gnoll Necromancer on Jan 5, 2018.
             Quit the game in the Ecumenical Temple.
             The game lasted 00:14:51 (1698 turns).

tidbits the Grave Robber (Gnoll Necromancer)        Turns: 1698, Time: 00:14:51

Health: 51/51      AC:  8    Str: 10    XL:     7   Next: 89%
Magic:  15/15      EV: 15    Int: 19    God:
Gold:   207        SH:  0    Dex: 16    Spells: 9/17 levels left

rFire    + . .     SeeInvis .   d - +2 dagger (venom)
rCold    x . .     Gourm    .   (no shield)
rNeg     . . .     Faith    .   p - +2 animal skin
rPois    .         Spirit   .   E - +2 helmet
rElec    .         Reflect  .   (no cloak)
rCorr    .         Harm     .   r - +0 pair of gloves
MR       .....                  (no boots)
Stlth    +++.......             e - amulet of magic regeneration
HPRegen  0.17/turn              m - ring of flight
MPRegen  0.39/turn              k - ring of fire

@: no status effects
A: distributed training, fangs 1, strong nose
a: Evoke Flight


You were in the Ecumenical Temple.
You were not hungry.

You visited 2 branches of the dungeon, and saw 8 of its levels.
You also visited: Sewer.

You collected 207 gold pieces.

Inventory:

Hand Weapons
 d - a +2 dagger of venom (weapon)
   (You took it off a goblin on level 3 of the Dungeon)
 f - a +0 whip
 g - a +0 rapier
 o - a cursed -2 falchion
 x - a +0 long sword
Missiles
 l - 2 tomahawks (quivered)
Armour
 a - a +1 robe
 p - a +2 animal skin (worn)
 r - a +0 pair of gloves (worn)
 E - a +2 helmet (worn)
Jewellery
 e - an amulet of magic regeneration (around neck)
   (You found it on level 4 of the Dungeon)
 k - a ring of fire (right hand)
   (You found it in a sewer)
 m - a ring of flight (left hand)
   (You found it on level 3 of the Dungeon)
Wands
 t - a wand of iceblast (7)
Scrolls
 h - a scroll of enchant weapon
 i - a scroll of random uselessness
 j - a scroll of teleportation
Potions
 s - a potion of heal wounds
 u - a potion of brilliance {unknown}
 v - 2 potions of invisibility
Books
 b - a book of Necromancy

   Spells                             Type                      Level
   a - Pain                           Necromancy                   1
   b - Animate Skeleton               Necromancy                   1
   c - Vampiric Draining              Necromancy                   3
   d - Regeneration                   Charms/Necromancy            3
   e - Animate Dead                   Necromancy                   4
   f - Borgnjor's Vile Clutch         Necromancy/Earth             5
Comestibles
 c - 3 rations


   Skills:
 + Level 2.7 Fighting
 + Level 2.7 Short Blades
 + Level 2.7 Long Blades
 + Level 2.7 Axes
 + Level 2.7 Maces & Flails
 + Level 2.7 Polearms
 + Level 2.7 Staves
 + Level 2.7 Slings
 + Level 2.7 Bows
 + Level 2.7 Crossbows
 + Level 2.7 Throwing
 + Level 2.7 Armour
 + Level 5.3 Dodging
 + Level 5.0 Stealth
 + Level 2.7 Shields
 + Level 2.7 Unarmed Combat
 + Level 5.7 Spellcasting
 + Level 2.2 Conjurations
 + Level 2.2 Hexes
 + Level 2.2 Charms
 + Level 2.2 Summonings
 + Level 7.5 Necromancy
 + Level 2.2 Translocations
 + Level 2.2 Transmutations
 + Level 2.2 Fire Magic
 + Level 2.2 Ice Magic
 + Level 2.2 Air Magic
 + Level 2.2 Earth Magic
 + Level 2.2 Poison Magic
 + Level 3.0 Invocations
 + Level 2.7 Evocations


You had 9 spell levels left.
You knew the following spells:

 Your Spells              Type           Power        Failure   Level  Hunger
a - Pain                  Necr           ####         1%          1    None
d - Vampiric Draining     Necr           ####......   1%          3    ##.....
n - Animate Skeleton      Necr           N/A          1%          1    None
r - Regeneration          Chrm/Necr      ###.......   4%          3    ##.....


Dungeon Overview and Level Annotations

Branches:
Dungeon (7/15)             Temple (1/1) D:7

Altars:
Ashenzari
Elyvilon
Hepliaklqana
Nemelex Xobeh
Qazlal
Ru
Trog
Uskayaw
Wu Jian
Yredelemnul
Zin
The Shining One


Innate Abilities, Weirdness & Mutations

Your experience applies equally to all skills.
You have very sharp teeth.
Your uncanny sense of smell can sniff out nearby items.


Message History

The adder bites you.
* * * LOW HITPOINT WARNING * * *
You barely miss the adder.
The adder is moderately wounded.
The adder bites you but does no damage.
Casting: Vampiric Draining
Confirm with . or Enter, or press ? or * to list all spells.
Aiming: Vampiric Draining
Press: ? - help, Shift-Dir - straight line, f - adder
Aim: an adder (heavily wounded, poisoned)
You kill the adder!
You feel life coursing into your body.
The orc wizard gestures wildly while chanting.
The orc wizard blinks!
A scorpion comes into view.
Items here: ))) [[ †††
Casting: Vampiric Draining
Confirm with . or Enter, or press ? or * to list all spells.
Your skin crawls.
The orc wizard barely misses you.
Found two stone staircases leading down.
You see here a hand axe.
Casting: Regeneration
Confirm with . or Enter, or press ? or * to list all spells.
Aiming: Pain
Press: ? - help, Shift-Dir - straight line, f - orc wizard
Aim: an orc wizard, wielding an enchanted dagger and wearing a robe (almost dead, chance to defeat MR: 84%)
The orc wizard writhes in agony!
You kill the orc wizard!
Items here: ))) [[ †††
Casting: Pain
Confirm with . or Enter, or press ? or * to list all spells.
Aiming: Pain
Press: ? - help, Shift-Dir - straight line, f - scorpion
Aim: a scorpion (chance to defeat MR: 84%)
The scorpion writhes in agony!
Casting: Pain
Confirm with . or Enter, or press ? or * to list all spells.
Aiming: Pain
Press: ? - help, Shift-Dir - straight line, f/p - scorpion
Aim: a scorpion (heavily wounded, chance to defeat MR: 84%)
The scorpion writhes in agony!
You hit the scorpion.
The scorpion is poisoned.
The scorpion is severely wounded.
The scorpion stings you.
* * * LOW HITPOINT WARNING * * *
You kill the scorpion!
Your Invocations skill increases to level 3!
There is an escape hatch in the ceiling here.
Your skin is crawling a little less now.
Items here: ))) [[ †††† An ice beast comes into view.
You see here a hand axe.
Your skin stops crawling.
You open the door.
Found a scroll of magic mapping.
There is an open door here.
You see here a scroll of magic mapping.
As you read the scroll of magic mapping, it crumbles to dust.
You feel aware of your surroundings.
Evoke which item? (* to show all) (? for menu, Esc to quit)
Okay, then.
Casting: Pain
Confirm with . or Enter, or press ? or * to list all spells.
Your skin crawls.
A jelly comes into view.
Found 13 gold pieces.
A howler monkey comes into view.
Your skin is crawling a little less now. 2 howler monkeys come into view.
An adder comes into view.
The jelly quivers.
The jelly hits you but does no damage.
You hit the jelly.
Your hands burn!
The jelly is moderately wounded.
The jelly closely misses you.
The adder hisses angrily.
The adder moves out of view.
The jelly closely misses you. The jelly closely misses you.
Your skin stops crawling.
The jelly barely misses you.
Found 16 gold pieces.
You see here 16 gold pieces.
You now have 207 gold pieces (gained 16).
The ice beast misses you. The ice beast barely misses you.
Found a staircase to the Ecumenical Temple.
There is a staircase to the Ecumenical Temple here.
You climb downwards.
Welcome to the Ecumenical Temple!
Found a hide-covered altar of Uskayaw and a sparkling altar of Nemelex Xobeh.
There is a staircase back to the Dungeon here.
Found a glowing silver altar of Zin.
Found a white marble altar of Elyvilon.
Found a shattered altar of Ashenzari.
Found a stormy altar of Qazlal.
Found a bloodstained altar of Trog.
Found a hazy altar of Hepliaklqana.
Found a glowing golden altar of the Shining One.
Unknown command.
Are you sure you want to abandon this character and quit the game? (Confirm with "yes".)

§≈≈≈≈≈≈§§.§....§§§≈≈
§≈≈§≈§§.....<.....≈§≈≈≈§
§≈≈§≈§.............≈≈≈≈≈§
≈§≈≈≈...............≈§§≈§§
≈≈≈≈.................≈≈§§§≈
≈≈≈...................≈≈≈§§§
≈§...._..........._....≈≈§≈§≈
≈.......................≈≈§§≈≈
................@........≈≈§§≈
..........................≈§≈≈
.._........._........._....§≈≈
............................≈≈
.............................≈
..............................
.........................._...
..............................
..............................


There were no monsters in sight!

Vanquished Creatures
  A black bear (D:6)
  An ogre (D:5)
  A wyvern zombie (D:6)
  2 bullfrogs (Sewer)
  A scorpion (D:7)
  3 hounds
  2 bullfrog zombies
  3 orc wizards
  An orc priest (D:7)
  Robin (D:3)
  4 adders
  A howler monkey skeleton (D:5)
  A worm (D:2)
  3 leopard geckos (D:3)
  5 orcs
  3 bats (D:3)
  11 giant cockroaches
  12 goblins
  2 hobgoblins (D:3)
  7 jackals
  4 kobolds
  3 ball pythons
  5 frilled lizards
  A jackal skeleton (D:5)
78 creatures vanquished.

Notes
Turn   | Place    | Note
-------+----------+-------------------------------------------
     0 | D:1      | tidbits the Gnoll Necromancer began the quest for the Orb.
     0 | D:1      | Reached XP level 1. HP: 13/13 MP: 6/6
   141 | D:2      | Reached XP level 2. HP: 6/19 MP: 0/7
   147 | D:2      | Learned a level 1 spell: Animate Skeleton
   190 | D:2      | Found a sacrificial altar of Ru.
   372 | D:4      | Reached skill level 5 in Spellcasting
   372 | D:4      | Reached skill level 1 in Invocations
   372 | D:4      | Reached XP level 3. HP: 16/25 MP: 3/9
   377 | D:4      | Noticed an ogre
   377 | D:4      | Learned a level 3 spell: Vampiric Draining
   381 | D:4      | Learned a level 3 spell: Regeneration
   465 | D:3      | Reached skill level 1 in Fighting
   465 | D:3      | Reached skill level 1 in Short Blades
   465 | D:3      | Reached skill level 1 in Long Blades
   465 | D:3      | Reached skill level 1 in Axes
   465 | D:3      | Reached skill level 1 in Maces & Flails
   465 | D:3      | Reached skill level 1 in Polearms
   465 | D:3      | Reached skill level 1 in Staves
   465 | D:3      | Reached skill level 1 in Slings
   465 | D:3      | Reached skill level 1 in Bows
   465 | D:3      | Reached skill level 1 in Crossbows
   465 | D:3      | Reached skill level 1 in Throwing
   465 | D:3      | Reached skill level 1 in Armour
   465 | D:3      | Reached skill level 1 in Shields
   465 | D:3      | Reached skill level 1 in Unarmed Combat
   465 | D:3      | Reached skill level 1 in Evocations
   467 | D:3      | Reached XP level 4. HP: 23/32 MP: 3/11
   521 | D:3      | Found a glowing drain.
   530 | Sewer    | Entered a sewer
   620 | Sewer    | Reached skill level 1 in Conjurations
   620 | Sewer    | Reached skill level 1 in Hexes
   620 | Sewer    | Reached skill level 1 in Charms
   620 | Sewer    | Reached skill level 1 in Summonings
   620 | Sewer    | Reached skill level 1 in Translocations
   620 | Sewer    | Reached skill level 1 in Transmutations
   620 | Sewer    | Reached skill level 1 in Fire Magic
   620 | Sewer    | Reached skill level 1 in Ice Magic
   620 | Sewer    | Reached skill level 1 in Air Magic
   620 | Sewer    | Reached skill level 1 in Earth Magic
   620 | Sewer    | Reached skill level 1 in Poison Magic
   634 | Sewer    | Noticed a bullfrog
   638 | Sewer    | Killed a bullfrog
   638 | Sewer    | Reached XP level 5. HP: 21/37 MP: 5/12
   663 | D:3      | Noticed Robin
   774 | D:3      | Found an ornate altar of the Wu Jian Council.
   813 | D:3      | Killed Robin
   813 | D:3      | Reached XP level 6. HP: 42/44 MP: 7/13
   816 | D:3      | Reached skill level 2 in Invocations
   919 | D:5      | Entered Level 5 of the Dungeon
   995 | D:5      | Reached skill level 5 in Dodging
  1038 | D:5      | Reached skill level 2 in Fighting
  1038 | D:5      | Reached skill level 2 in Short Blades
  1038 | D:5      | Reached skill level 2 in Long Blades
  1038 | D:5      | Reached skill level 2 in Axes
  1038 | D:5      | Reached skill level 2 in Maces & Flails
  1038 | D:5      | Reached skill level 2 in Polearms
  1038 | D:5      | Reached skill level 2 in Staves
  1038 | D:5      | Reached skill level 2 in Slings
  1038 | D:5      | Reached skill level 2 in Bows
  1038 | D:5      | Reached skill level 2 in Crossbows
  1038 | D:5      | Reached skill level 2 in Throwing
  1038 | D:5      | Reached skill level 2 in Armour
  1038 | D:5      | Reached skill level 2 in Shields
  1038 | D:5      | Reached skill level 2 in Unarmed Combat
  1038 | D:5      | Reached skill level 2 in Evocations
  1206 | D:5      | Reached XP level 7. HP: 50/50 MP: 15/15
  1315 | D:5      | Found a basalt altar of Yredelemnul.
  1425 | D:6      | HP: 5/76 [wyvern zombie (6)]
  1427 | D:6      | Reached skill level 2 in Conjurations
  1427 | D:6      | Reached skill level 2 in Hexes
  1427 | D:6      | Reached skill level 2 in Charms
  1427 | D:6      | Reached skill level 2 in Summonings
  1427 | D:6      | Reached skill level 2 in Translocations
  1427 | D:6      | Reached skill level 2 in Transmutations
  1427 | D:6      | Reached skill level 2 in Fire Magic
  1427 | D:6      | Reached skill level 2 in Ice Magic
  1427 | D:6      | Reached skill level 2 in Air Magic
  1427 | D:6      | Reached skill level 2 in Earth Magic
  1427 | D:6      | Reached skill level 2 in Poison Magic
  1455 | D:7      | Noticed a hungry ghost
  1561 | D:7      | Reached skill level 5 in Stealth
  1576 | D:7      | Reached skill level 3 in Invocations
  1644 | D:7      | Found a staircase to the Ecumenical Temple.
  1653 | Temple   | Entered the Ecumenical Temple
  1698 | Temple   | Quit the game

Vault maps used:
D:1:      scummos_arrival_star
D:2:      overflow_temple_1_default, minmay_splitting_lines
D:3:      lemuel_coloured_pillars_altar, portal_sewer_entry_f, first_ration,
          grunt_ministairs_8, uniq_robin
D:5:      grunt_temple_overflow_magic_moments, nicolae_overflow_hidden_temple
D:6:      uniq_eustachio
D:7:      minmay_temple_entry_poolview, hangedman_decor_riveting,
          nrook_mini_vaults, the_bakery
Temple:   compressed_dpeg_triangle_lava_temple
Sewer:    sewer_frog_island_01

Skill      XL: |  1  2  3  4  5  6  7 |
---------------+----------------------+-----
Spellcasting   | 5 |  5.7
Invocations    | 1 2 3 |  3.0
Fighting       | 1 2 |  2.7
Short Blades   | 1 2 |  2.7
Long Blades    | 1 2 |  2.7
Axes           | 1 2 |  2.7
Maces & Flails | 1 2 |  2.7
Polearms       | 1 2 |  2.7
Staves         | 1 2 |  2.7
Slings         | 1 2 |  2.7
Bows           | 1 2 |  2.7
Crossbows      | 1 2 |  2.7
Throwing       | 1 2 |  2.7
Armour         | 1 2 |  2.7
Shields        | 1 2 |  2.7
Unarmed Combat | 1 2 |  2.7
Evocations     | 1 2 |  2.7
Conjurations   | 1 2 |  2.2
Hexes          | 1 2 |  2.2
Charms         | 1 2 |  2.2
Summonings     | 1 2 |  2.2
Translocations | 1 2 |  2.2
Transmutations | 1 2 |  2.2
Fire Magic     | 1 2 |  2.2
Ice Magic      | 1 2 |  2.2
Air Magic      | 1 2 |  2.2
Earth Magic    | 1 2 |  2.2
Poison Magic   | 1 2 |  2.2
Dodging        | 5 |  5.3
Stealth        | 5 |  5.0
Necromancy     | |  7.5

Action                   |  1- 3 |  4- 6 |  7- 9 || total
-------------------------+-------+-------+-------++-------
Melee: Whip              |     2 |       |       ||     2
       Bite              |     3 |     4 |     6 ||    13
       Unarmed           |     1 |       |     5 ||     6
       Rapier            |    24 |    15 |    12 ||    51
       Dagger            |       |    26 |    27 ||    53
       Punch             |       |     1 |       ||     1
       Long sword        |       |       |     4 ||     4
 Cast: Pain              |    26 |    45 |     3 ||    74
       Regeneration      |     1 |     4 |     4 ||     9
       Animate Skeleton  |       |     2 |     1 ||     3
       Vampiric Draining |       |     3 |     6 ||     9
Evoke: Wand              |     4 |    20 |     3 ||    27
  Use: Scroll            |     6 |     8 |     5 ||    19
       Potion            |     3 |     1 |     1 ||     5
 Stab: Sleeping          |     1 |     1 |       ||     2
       Distracted        |       |     1 |       ||     1
  Eat: Chunk             |       |     1 |       ||     1
       Ration            |       |       |     1 ||     1
Armor: Robe              |     5 |    17 |       ||    22
       Animal skin       |       |     3 |    14 ||    17
       Skin              |       |       |     5 ||     5
Dodge: Dodged            |    44 |   102 |    49 ||   195

Table legend:
 A = Spawn XP
 B = Non-spawn XP
 C = Spawn XP percentage of total XP
 D = Spawn monster count
 E = Non-spawn monster count
 F = Spawn count percentage of total count
 G = Total turns spent on level
                    A         B        C        D         E        F      G
               +---------+---------+-------+---------+---------+-------+---------
         Total |       0 |    1137 |   0.0 |       0 |      78 |   0.0 |  1698
               +---------+---------+-------+---------+---------+-------+---------
           D:1 |       0 |       8 |   0.0 |       0 |       5 |   0.0 |    52
           D:2 |       0 |       8 |   0.0 |       0 |       3 |   0.0 |   225
           D:3 |       0 |      99 |   0.0 |       0 |      33 |   0.0 |   299
           D:4 |       0 |      51 |   0.0 |       0 |       3 |   0.0 |   220
           D:5 |       0 |     255 |   0.0 |       0 |       9 |   0.0 |   325
           D:6 |       0 |     313 |   0.0 |       0 |       4 |   0.0 |   282
           D:7 |       0 |     206 |   0.0 |       0 |       7 |   0.0 |   123
         Sewer |       0 |     197 |   0.0 |       0 |      14 |   0.0 |   127
               +---------+---------+-------+---------+---------+-------+---------

Table legend:
 A = Turns spent in this place as a percentage of turns spent in the entire game.
 B = Non-inter-level travel turns spent in this place as a percentage of non-inter-level travel turns spent in the entire game.
 C = Inter-level travel turns spent in this place as a percentage of turns spent in this place.
 D = Turns resting spent in this place as a percentage of non-inter-level travel turns spent in this place.
 E = Turns spent auto-exploring this place as a percentage of non-inter-level travel turns spent in this place.
 F = Non-inter-level travel turns spent in this place divided by the number of levels of this place that you've seen.
                   A       B       C       D       E      F
               +-------+-------+-------+-------+-------+----------------------
         Total | 100.0 | 100.0 |   1.0 |   0.0 |   0.0 | 186.8
       Dungeon |  89.9 |  89.8 |   1.1 |   0.0 |   0.0 | 215.6
        Temple |   2.7 |   2.7 |   0.0 |   0.0 |   0.0 |  45.0
         Sewer |   7.5 |   7.6 |   0.0 |   0.0 |   0.0 | 127.0
               +-------+-------+-------+-------+-------+----------------------

Table legend:
 A = Kills in this place as a percentage of kills in entire the game.
 B = Kills by you in this place as a percentage of kills by you in the entire game.
 C = Kills by friends in this place as a percentage of kills by friends in the entire game.
 D = Other kills in this place as a percentage of other kills in the entire game.
 E = Experience gained in this place as a percentage of experience gained in the entire game.
 F = Experience gained in this place divided by the number of levels of this place that you have seen.
                   A       B       C       D       E      F
               +-------+-------+-------+-------+-------+----------------------
         Total | 100.0 | 100.0 |   N/A |   N/A | 100.0 | 126.3
       Dungeon |  82.1 |  82.1 |   N/A |   N/A |  82.7 | 134.3
         Sewer |  17.9 |  17.9 |   N/A |   N/A |  17.3 | 197.0
               +-------+-------+-------+-------+-------+----------------------

Vault maps used:
D:1:      scummos_arrival_star
D:2:      overflow_temple_1_default, minmay_splitting_lines
D:3:      lemuel_coloured_pillars_altar, portal_sewer_entry_f, first_ration,
          grunt_ministairs_8, uniq_robin
D:5:      grunt_temple_overflow_magic_moments, nicolae_overflow_hidden_temple
D:6:      uniq_eustachio
D:7:      minmay_temple_entry_poolview, hangedman_decor_riveting,
          nrook_mini_vaults, the_bakery
Temple:   compressed_dpeg_triangle_lava_temple
Sewer:    sewer_frog_island_01
